 Dungeon Crawl Stone Soup version 0.31-a0-188-g5e087ee2ca (webtiles) character file.

Game seed: 5461087439896899260

49 qw the Shooter (level 3, 0/20 HPs)
             Began as a Deep Elf Hunter on June 23, 2023.
             Slain by Sigmund
             ... wielding a +0 scythe
              (4 damage)
             ... on level 2 of the Dungeon.
             The game lasted 00:00:43 (1749 turns).

qw the Shooter (Deep Elf Hunter)                    Turns: 1749, Time: 00:00:43

Health: 0/20       AC:  3    Str:  9 (10) XL:     3   Next: 53%
Magic:  5/5        EV: 12    Int: 11 (13) God:
Gold:   63         SH:  0    Dex: 15 (18) Spells: 2/2 levels left

rFire   . . .        a - +0 orcbow
rCold   . . .        (shield currently unavailable)
rNeg    . . .        c - +0 leather armour
rPois   .            (no helmet)
rElec   .            (no cloak)
rCorr   .            (no gloves)
SInv    .            (no boots)
Will    .....        (no amulet)
Stlth   ++           (no ring)
HPRegen 0.23/turn    (no ring)
MPRegen 0.09/turn

%: no passive effects
@: no status effects
A: no striking features
a: no special abilities


You were on level 2 of the Dungeon.
You visited 1 branch of the dungeon, and saw 2 of its levels.

You collected 63 gold pieces.


   Skills:
 - Level 1.5 Fighting
 + Level 7.1 Ranged Weapons
 - Level 2.4 Dodging
 - Level 1.2 Stealth


You had 2 spell levels left.
You didn't know any spells.
Your spell library was empty.

Inventory:

Hand Weapons
 a - a +0 orcbow (weapon)
Armour
 c - a +0 leather armour (worn)
Scrolls
 d - 2 scrolls of enchant armour {unknown}
Potions
 b - a potion of brilliance {unknown}
 f - a potion of might

Dungeon Overview and Level Annotations

Branches:
Dungeon (2/15)

Altars:

Annotations:
D:2 Sigmund


Message History

The adder closely misses you.
You shoot an arrow. The arrow hits the adder!
You kill the adder!
Your Ranged Weapons skill increases to level 7!
You shoot an arrow. The arrow completely misses Sigmund.
Enter note:
Enter note:
Enter note:
Enter note:
Enter note:
Enter note:
Enter note:
Enter note:
Enter note:
Enter note:
Enter note:
Enter note:
Enter note:
Enter note: You shoot an arrow.
The arrow barely misses Sigmund.
Sigmund mumbles some strange words.
Sigmund flickers and vanishes!
Deactivating autopickup; reactivate with Ctrl-A.
You shoot an arrow. You shoot an arrow. You shoot an arrow.
Something hits you but does no damage.
You shoot an arrow. Something hits you.
You shoot an arrow. Something hits you but does no damage.
You shoot an arrow. You shoot an arrow. Something hits you!
Ouch! That really hurt!
You shoot an arrow. Something hits you.
You shoot an arrow. Something hits you.
You die...

.#.#.....#...........
.....#.#.#.##.##.......#
.#.###.#.#.#<....# #...#
.......#.#.##.#..###..##
..............#.........
.#.#####.##..)##.#%...#
.#.##............{....#
.#.##.##.##.....%...>.#
.#.##.#..##....#@...!.#
.#.##.#.###....####.#.#
##.##.#.###....# #
.#.##..........#
.#.##..........###
.#.##............
........#......####
.####.###.........# .#
#.# #......##


There were no monsters in sight!

Vanquished Creatures
  An adder (D:2)
  2 dart slugs (D:2)
  An endoplasm (D:1)
  2 giant cockroaches
  4 hobgoblins
  3 jackals (D:2)
  2 kobolds (D:1)
  A quokka (D:1)
  5 ball pythons
  3 bats
  4 frilled lizards
  4 goblins
  2 rats (D:2)
34 creatures vanquished.

Notes
Turn   | Place    | Note
-------+----------+-------------------------------------------
     0 | D:1      | qw the Deep Elf Hunter began the quest for the Orb.
     0 | D:1      | Reached XP level 1. HP: 12/12 MP: 3/3
     0 | D:1      | 0 ||| qw: Version: 0.3-a-9-g12657ce
     0 | D:1      | 0 ||| qw: Game counter: 3403
     0 | D:1      | 0 ||| qw: Always use a shield: true
     0 | D:1      | 0 ||| qw: God list: Okawaru
     0 | D:1      | 0 ||| qw: Allow faded altars: false
     0 | D:1      | 0 ||| qw: Do Orc after D:15 true
     0 | D:1      | 0 ||| qw: Do second Lair branch before Depths: true
     0 | D:1      | 0 ||| qw: Lair rune preference: random
     0 | D:1      | 0 ||| qw: Plans: Normal
     0 | D:1      | 0 ||| PLANNING D:1-11
   145 | D:1      | Found a faded altar of an unknown god.
   295 | D:1      | Reached XP level 2. HP: 16/16 MP: 4/4
   326 | D:1      | Reached skill level 6 in Ranged Weapons
   834 | D:1      | 834 ||| READING scroll labelled SOSINOE SIANGE.
   835 | D:1      | 835 ||| READING scroll labelled NENAQAOSH.
   836 | D:1      | 836 ||| DRINKING 2 lumpy grey potions.
   837 | D:1      | 837 ||| DRINKING 2 black potions.
   838 | D:1      | 838 ||| DROPPING scroll of butterflies.
   839 | D:1      | 839 ||| DROPPING potion of degeneration.
   910 | D:2      | Reached XP level 3. HP: 20/20 MP: 5/5
   932 | D:2      | 932 ||| SWAPPING to +0 orcbow.
   934 | D:2      | 934 ||| DROPPING +0 shortbow.
  1049 | D:2      | Noticed Sigmund
  1060 | D:2      | HP: 4/20 [Sigmund/+0 scythe (4)]
  1066 | D:2      | 1066 ||| FLEEEEING.
  1067 | D:2      | 1067 ||| FLEEEEING.
  1068 | D:2      | 1068 ||| FLEEEEING.
  1069 | D:2      | 1069 ||| STAIRDANCE
  1131 | D:2      | 1131 ||| STAIRDANCE
  1163 | D:2      | 1163 ||| STAIRDANCE
  1208 | D:2      | 1208 ||| STAIRDANCE
  1217 | D:2      | 1217 ||| STAIRDANCE
  1226 | D:2      | 1226 ||| STAIRDANCE
  1259 | D:2      | 1259 ||| STAIRDANCE
  1259 | D:2      | HP: 4/20 [Sigmund/puff of flame (7)]
  1328 | D:2      | 1328 ||| STAIRDANCE
  1362 | D:2      | 1362 ||| STAIRDANCE
  1396 | D:2      | 1396 ||| STAIRDANCE
  1418 | D:2      | 1418 ||| STAIRDANCE
  1448 | D:2      | 1448 ||| STAIRDANCE
  1473 | D:2      | 1473 ||| STAIRDANCE
  1487 | D:2      | 1487 ||| STAIRDANCE
  1530 | D:2      | 1530 ||| STAIRDANCE
  1738 | D:2      | Reached skill level 7 in Ranged Weapons
  1747 | D:2      | HP: 5/20 [something (11)]
  1749 | D:2      | Slain by Sigmund

Levels and vault maps discovered:
D:1:      erik_arrival_blinker_ship, layout_loops_corners,
          chequers_ecumenical_altar_lobes
D:2:      layout_basic, serial_shops, nicolae_shop_tiny_statue_garden,
          uniq_natasha, uniq_sigmund

Skill      XL: |  1  2  3 |
---------------+----------+-----
Ranged Weapons | 6 7 |  7.1
Fighting       | |  1.5
Dodging        | |  2.4
Stealth        | |  1.2

Action                     || total
---------------------------++-------
   Fire: Shortbow          ||    70
         Orcbow            ||    55
    Use: Scroll            ||     2
         Potion            ||     2
 Armour: Leather armour    ||     6
  Dodge: Dodged            ||    33

Table legend:
 A = Non-vault XP
 B = Vault XP
 C = Vault XP percentage of total XP
 D = Non-vault monster count
 E = Vault monster count
 F = Vault count percentage of total count
                 A         B        C        D         E       F
            +---------+---------+-------+---------+---------+-------
      Total |      71 |       0 |   0.0 |      34 |       0 |   0.0
            +---------+---------+-------+---------+---------+-------
        D:1 |      28 |       0 |   0.0 |      18 |       0 |   0.0
        D:2 |      43 |       0 |   0.0 |      16 |       0 |   0.0
            +---------+---------+-------+---------+---------+-------
